 Dungeon Crawl Stone Soup version 0.19-a0-1081-g506d7b7 (webtiles) character file.

3668 zxpr0jk the Frost Mage (level 9, 0/62 HPs)
             Began as a Pale Draconian Ice Elementalist on Aug 6, 2016.
             Was a Priest of Vehumet.
             Slain by a merfolk
             ... wielding a +0 spear
              (20 damage)
             ... on level 9 of the Dungeon.
             The game lasted 00:38:56 (8741 turns).

zxpr0jk the Frost Mage (DrIE)                       Turns: 8741, Time: 00:38:57

Health: 0/62       AC: 14    Str: 11    XL:     9   Next: 89%
Magic:  18/18      EV: 16    Int: 15    God:    Vehumet [***...]
Gold:   690        SH:  0    Dex: 15    Spells: 3 memorised, 13 levels left

rFire  . . .     SeeInvis .     E - +2 war axe
rCold  . . .     Gourm    .     (armour unavailable)
rNeg   . . .     Faith    .     (no shield)
rPois  .         Spirit   .     (helmet restricted)
rElec  +         Dismiss  .     d - +0 cloak
rCorr  .         Reflect  .     (no gloves)
SustAt .         Harm     .     (no boots)
MR     .....     Rnd*Tele +     (no amulet)
Stlth  ++........               A - +5 ring of slaying
                                f - ring of teleportation

@: icy armour, slow
A: breathe steam, unfitting armour, stinger 1, electricity resistance, wild
magic 1, cold-blooded, AC +7
a: Breathe Steam, Renounce Religion


You were on level 9 of the Dungeon.
You worshipped Vehumet.
Vehumet was most pleased with you.
You were not hungry.

You visited 2 branches of the dungeon, and saw 10 of its levels.
You also visited: Ossuary.

You collected 690 gold pieces.

Inventory:

Hand Weapons
 v - a +0 blowgun
 E - a +2 war axe (weapon)
Missiles
 c - 5 curare-tipped needles
 w - 23 poisoned needles
 C - 9 tomahawks (quivered)
Armour
 d - a +0 cloak (worn)
Jewellery
 f - a ring of teleportation (left hand)
 p - an uncursed ring of fire
 A - a +5 ring of slaying (right hand)
 R - a +6 ring of evasion
Wands
 y - a wand of paralysis (24/24)
 Q - a wand of acid (10/15)
Scrolls
 e - 3 scrolls of remove curse
 g - a scroll of recharging
 h - 4 scrolls of fear
 i - 2 scrolls of teleportation
 o - 2 scrolls of immolation
 q - 2 scrolls of amnesia
 u - 2 scrolls of blinking
 H - a scroll of identify
 I - a scroll of vulnerability
Potions
 k - a potion of curing
 l - a potion of mutation {unknown}
 m - 2 potions of lignification {unknown}
 n - 3 potions of flight
 r - a potion of degeneration {unknown}
 z - 4 potions of brilliance {unknown}
 B - a potion of cure mutation {unknown}
 D - a potion of beneficial mutation {unknown}
 J - 2 potions of resistance {unknown}
 O - a potion of berserk rage {unknown}
Books
 a - a book of Frost

   Spells                             Type                      Level
   a - Freeze                         Ice                          1
   b - Throw Frost                    Conjuration/Ice              2
   c - Ozocubu's Armour               Charms/Ice                   3
   d - Throw Icicle                   Conjuration/Ice              4
   e - Summon Ice Beast               Ice/Summoning                4
 L - a book of Necromancy

   Spells                             Type                      Level
   a - Pain                           Necromancy                   1
   b - Animate Skeleton               Necromancy                   1
   c - Vampiric Draining              Necromancy                   3
   d - Regeneration                   Charms/Necromancy            3
   e - Animate Dead                   Necromancy                   4
   f - Control Undead                 Necromancy                   4
Comestibles
 b - 7 bread rations
 t - a meat ration
 P - a chunk of flesh


   Skills:
 - Level 7.1 Throwing
 - Level 6.0 Dodging
 - Level 1.7 Stealth
 + Level 6.3 Spellcasting
   Level 1.0 Conjurations
 - Level 8.1 Ice Magic


You had 13 spell levels left.
You knew the following spells:

 Your Spells              Type           Power        Failure   Level  Hunger
a - Freeze                Ice            ####         1%          1    None
b - Ozocubu's Armour      Chrm/Ice       ###.....     14%         3    ##.....
d - Ignite Poison         Fire/Tmut/Pois #.......     16%         3    ##.....


Dungeon Overview and Level Annotations

Branches:
Dungeon (9/15)             Temple (1/1) D:4            Lair (0/6) D:9
    Orc: D:9-12

Altars:
Ashenzari
Cheibriados
Dithmenos
Elyvilon
Fedhas
Gozag
Hepliaklqana
Kikubaaqudgha
Makhleb
Nemelex Xobeh
Okawaru
Pakellas
Qazlal
Ru
Sif Muna
Trog
Uskayaw
Vehumet
Xom
Yredelemnul
Zin
The Shining One
Jiyva

Annotations:
D:5 LordBacon's ghost, amateur DsCK


Innate Abilities, Weirdness & Mutations

You can breathe blasts of scalding, opaque steam.
Your pale cyan-grey scales are hard. (AC +7)
Your body does not fit into most forms of armour.
You are cold-blooded and may be slowed by cold attacks.
Your tail ends in a poisonous barb.
You are resistant to electric shocks. (rElec)
Your spells are a little harder to cast, but a little more powerful.


Message History

The merfolk is moderately wounded.
The merfolk hits you but does no damage.
You hit the merfolk but do no damage.
The merfolk is moderately wounded.
The merfolk hits you with a spear!
The merfolk hits you but does no damage.
You barely miss the merfolk.
The merfolk is heavily wounded.
The merfolk looks more healthy.
The merfolk hits you but does no damage.
You slash the merfolk! You tail-slap the merfolk.
The merfolk is poisoned.
The merfolk is severely wounded.
The merfolk misses you. The merfolk hits you with a spear!
You hit the merfolk.
The merfolk is severely wounded.
The merfolk hits you with a spear!
You closely miss the merfolk.
The merfolk is severely wounded.
The merfolk barely misses you. The merfolk hits you with a spear!!
You die...

.....##.######..#*,**,,**,,,,,,,*
.....##.........#*..,,,**,,,,,,,*
.....##..<......##.#**,**,,,,,,,*
.....##..####...##.# *,**,,,,,,,,
.....##..# *,,,...# *,**,,,,,,,,
.....##..## *,,,,..# *,**,>,,,,,*
.....##...# ##*###.# *,**,,,,,,,*
.....##..># #%%#†#.# *,**,,,,,,,*
.....##..## #.(m@'.# *,,,,,,,,,,*
.....##..# #≈≈≈≈#.# *,,,,,,,,,,*
###..##..# ######.###...,,,,,,,*
# #..##..# #..........#*,,,,,,,*
# #..##..# #..........#*,,,,,,,*
# #......# #......###.#*,,,**,,*
# #......# #..(...# *,#*<,,**,,*
# #......####......# *,**,,,**,,*
# #................# *,**,,,**,,,


You could see a merfolk.

Vanquished Creatures
  A hippogriff (D:9)
  Duvessa (D:6)
  3 orc warriors
  A black bear (D:6)
  An ice beast (D:8)
  A phantom (D:7)
  2 sky beasts
  2 ogres
  A centaur (D:6)
  A crocodile (D:7)
  4 big kobolds
  4 giant frogs
  Dowan (D:6)
  A wyvern skeleton (D:8)
  4 scorpions
  3 killer bees (D:9)
  3 wights (D:6)
  A howler monkey (D:5)
  3 crimson imps
  2 centaur zombies
  2 hounds
  3 jellies
  4 orc priests
  6 orc wizards
  2 centaur skeletons
  2 iguanas
  8 worker ants
  A big kobold zombie (Ossuary)
  A hound skeleton (D:6)
  8 mummies (Ossuary)
  9 adders
  A shadow imp (D:5)
  2 adder skeletons
  A worm (D:2)
  4 dart slugs
  6 giant geckos
  14 orcs
  4 bats
  5 giant cockroaches
  4 goblins
  9 hobgoblins
  15 jackals
  3 quokkas
  3 ball pythons
  A giant cockroach zombie (D:6)
  A giant gecko skeleton (D:5)
  5 giant newts
  A gnoll zombie (Ossuary)
  A hobgoblin zombie (Ossuary)
  27 kobolds
  A kobold zombie (Ossuary)
  4 orc zombies (Ossuary)
  A quokka skeleton (D:5)
  7 rats
206 creatures vanquished.

Notes
Turn   | Place    | Note
-------+----------+-------------------------------------------
     0 | D:1      | zxpr0jk the Draconian Ice Elementalist began the quest for the Orb.
     0 | D:1      | Reached XP level 1. HP: 14/14 MP: 3/3
   494 | D:1      | Reached XP level 2. HP: 20/20 MP: 1/5
  1059 | D:2      | HP: 1/20 [worm (8)]
  1339 | D:2      | Reached XP level 3. HP: 23/26 MP: 3/6
  1345 | D:2      | Reached skill level 4 in Ice Magic
  1357 | D:2      | Learned a level 3 spell: Ozocubu's Armour
  1789 | D:2      | Reached XP level 4. HP: 11/33 MP: 8/8
  2332 | D:3      | Found a faded altar of an unknown god.
  2370 | D:3      | Reached skill level 5 in Ice Magic
  2773 | D:4      | Reached XP level 5. HP: 38/38 MP: 7/9
  2839 | D:4      | Found a staircase to the Ecumenical Temple.
  2854 | Temple   | Entered the Ecumenical Temple
  2975 | Temple   | Became a worshipper of Vehumet
  3241 | D:4      | Reached XP level 6. HP: 4/45 MP: 0/11
  3586 | D:4      | Reached skill level 6 in Ice Magic
  3740 | D:5      | Entered Level 5 of the Dungeon
  4174 | D:5      | Reached skill level 7 in Ice Magic
  4174 | D:5      | Your scales start taking on a pale cyan-grey colour.
  4174 | D:5      | Reached XP level 7. HP: 3/50 MP: 6/13
  4627 | D:5      | Noticed LordBacon's ghost (amateur DsCK)
  4777 | D:6      | Reached skill level 1 in Throwing
  4916 | D:6      | Noticed Duvessa
  4916 | D:6      | Noticed Dowan
  4933 | D:6      | Killed Duvessa
  4966 | D:6      | Reached XP level 8. HP: 48/57 MP: 14/14
  4982 | D:6      | Reached * piety under Vehumet
  4982 | D:6      | Offered knowledge of Sandblast by Vehumet.
  4986 | D:6      | Learned a level 1 spell: Sandblast
  5221 | D:6      | Killed Dowan
  5324 | D:6      | Found a glowing silver altar of Zin.
  5324 | D:6      | Found a deep blue altar of Sif Muna.
  5707 | D:6      | Found a hazy altar of Hepliaklqana.
  5740 | D:6      | Found a sparkling altar of Nemelex Xobeh.
  5742 | D:6      | Found a shattered altar of Ashenzari.
  6237 | D:7      | Reached skill level 5 in Dodging
  6279 | D:7      | Reached skill level 5 in Throwing
  6494 | D:7      | Reached XP level 9. HP: 35/62 MP: 15/15
  6651 | D:7      | Offered knowledge of Shock by Vehumet.
  6739 | D:7      | Reached ** piety under Vehumet
  6763 | D:7      | Gained mutation: Your spells are a little harder to cast, but a little more powerful. [mutagenic meat]
  6766 | D:7      | Gained mutation: Your tail ends in a poisonous barb. [mutagenic meat]
  6769 | D:7      | Gained mutation: You are resistant to electric shocks. (rElec) [mutagenic meat]
  7274 | D:8      | Found a sand-covered staircase.
  7349 | Ossuary  | Entered an ossuary
  7381 | Ossuary  | Offered knowledge of Ignite Poison by Vehumet.
  7386 | Ossuary  | Learned a level 3 spell: Ignite Poison
  7788 | D:8      | Reached *** piety under Vehumet
  7946 | D:8      | Found a stormy altar of Qazlal.
  7947 | D:8      | Found a hide-covered altar of Uskayaw.
  7949 | D:8      | Found an ancient bone altar of Kikubaaqudgha.
  7949 | D:8      | Found an iron altar of Okawaru.
  7951 | D:8      | Found a blossoming altar of Fedhas.
  7952 | D:8      | Found a sacrificial altar of Ru.
  7988 | D:8      | Reached skill level 8 in Ice Magic
  8042 | D:9      | Found a staircase to the Lair.
  8145 | D:9      | Reached skill level 5 in Spellcasting
  8331 | D:9      | Offered knowledge of Inner Flame by Vehumet.
  8727 | D:9      | Noticed a merfolk
  8741 | D:9      | Slain by a merfolk

Vault maps used:
D:1:      minmay_arrival_open_corners, grunt_decor_mini_mirrors
D:3:      ecumenical_altar_2
D:4:      first_bread, kennysheep_nondescript, corexii_corridor_pit
D:5:      solitary_fountain, grunt_ministairs_15, uniq_crazy_yiuf_cottage
D:6:      nicolae_overflow_hidden_temple, old_standard_altar, uniq_duvessa
D:7:      serial_bayou_pond_e
D:8:      grunt_temple_overflow_open, enter_ossuary_1
D:9:      lair_0_dummy, hangedman_fish_farm
Temple:   pf_slimified_temple
Ossuary:  ossuary_tomb_3

Skill      XL: |  1  2  3  4  5  6  7  8  9 |
---------------+----------------------------+-----
Ice Magic      | 4 5 7 8 |  8.1
Spellcasting   | 3 4 6 |  6.3
Throwing       | 2 5 7 |  7.1
Dodging        | 3 5 6 |  6.0
Stealth        | |  1.7
Conjurations   | |  1.0

Action                   |  1- 3 |  4- 6 |  7- 9 || total
-------------------------+-------+-------+-------++-------
Melee: Unarmed           |    16 |       |       ||    16
       Tailslap          |     8 |    15 |    33 ||    56
       Dagger            |    46 |    27 |       ||    73
       Short sword       |       |    79 |    22 ||   101
       Scimitar          |       |       |    61 ||    61
       War axe           |       |       |   233 ||   233
 Fire: Blowgun           |       |    44 |    15 ||    59
Throw: Stone             |     6 |       |    17 ||    23
       Tomahawk          |       |       |    29 ||    29
 Cast: Freeze            |    34 |    60 |    77 ||   171
       Ozocubu's Armour  |       |     5 |    24 ||    29
 Abil: Breathe Steam     |       |       |    14 ||    14
Evoke: Wand              |       |       |     1 ||     1
  Use: Scroll            |       |       |    17 ||    17
       Potion            |       |       |     8 ||     8
 Stab: Sleeping          |     1 |     3 |     7 ||    11
       Paralysed         |       |       |     6 ||     6
  Eat: Chunk             |     3 |     8 |    16 ||    27
       Meat ration       |       |       |     1 ||     1
       Pizza             |       |       |     1 ||     1
Armor: Skin              |    26 |    33 |   143 ||   202
Dodge: Dodged            |    55 |    81 |   376 ||   512
